 Dungeon Crawl Stone Soup version 0.21-a0-401-g0b6bec4 (webtiles) character file.

36089 4thArraOfDagon the Stormcaller (level 14, -3/76 HPs)
             Began as a Halfling Air Elementalist on Oct 25, 2017.
             Was an Elder of Sif Muna.
             Killed from afar by an orc sorcerer (19 damage)
             ... with a bolt of fire
             ... on level 2 of the Orcish Mines.
             The game lasted 01:10:25 (10459 turns).

4thArraOfDagon the Stormcaller (HaAE)              Turns: 10459, Time: 01:10:26

Health: -3/76      AC:  7    Str:  9    XL:     14   Next: 21%
Magic:  9/27       EV: 18    Int: 17    God:    Sif Muna [****..]
Gold:   1265       SH:  0    Dex: 16    Spells: 8/31 levels left

rFire    . . .     SeeInvis .   p - staff of conjuration {!a}
rCold    . . .     Gourm    .   (shield currently unavailable)
rNeg     . . .     Faith    +   M - +1 troll leather armour
rPois    .         Spirit   .   t - +0 helmet
rElec    .         Reflect  .   (no cloak)
rCorr    +         Harm     .   o - +0 pair of gloves
MR       +....                  (no boots)
Stlth    ++........             i - amulet of faith
HPRegen  0.62/turn              A - ring of resist corrosion
MPRegen  0.20/turn              m - +3 ring of evasion

@: studying Dodging, heavily drained, divine energy
A: mutation resistance 1
a: Stop Divine Energy, Channel Magic, Forget Spell, Renounce Religion


You were on level 2 of the Orcish Mines.
You worshipped Sif Muna.
Sif Muna was greatly pleased with you.
You were hungry.

You visited 3 branches of the dungeon, and saw 18 of its levels.
You visited 1 bazaar.

You collected 1720 gold pieces.
You spent 455 gold pieces at shops.

Inventory:

Hand Weapons
 d - a +0 dagger
 f - a +0 short sword
 j - a +2 broad axe of electrocution
 P - the +10 mace of Obsession {flame, rElec rPois rN+ Dex+2}
   (You bought it in a shop in a bazaar)

   It has been specially enchanted to burn those struck by it, causing extra
   injury to most foes and up to half again as much damage against particularly
   susceptible opponents.
   It affects your dexterity (+2).
   It insulates you from electricity.
   It protects you from poison.
   It protects you from negative energy.
Missiles
 F - a throwing net (quivered)
Armour
 l - a +0 robe of fire resistance
 o - a +0 pair of gloves (worn)
 t - a +0 helmet (worn)
 M - a +1 troll leather armour (worn)
 R - a +0 robe of positive energy
 Z - the +3 leather armour of the Evil One {rC+ rCorr Int+4 Slay-3}
   (You bought it in a shop in a bazaar)

   It affects your intelligence (+4).
   It affects your accuracy and damage with ranged weapons and melee attacks
   (-3).
   It protects you from cold.
   It protects you from acid and corrosion.
Magical Staves
 p - an uncursed staff of conjuration (weapon) {!a}
Jewellery
 e - an uncursed amulet of the gourmand {unknown}
 i - an amulet of faith (around neck)
 m - a +3 ring of evasion (right hand)
 n - an uncursed ring of see invisible
 z - an uncursed ring of poison resistance
 A - a ring of resist corrosion (left hand)
 L - an uncursed amulet of rage {unknown}
 Q - an uncursed amulet of harm {unknown}
 U - an uncursed ring of fire
Wands
 g - a wand of acid (0/15)
 B - a wand of acid (1/15)
 G - a wand of confusion (8/48)
 J - a wand of paralysis (2/24)
 W - a wand of enslavement (6/24)
 X - a wand of iceblast (8/15)
Scrolls
 h - 2 scrolls of enchant weapon
 k - 4 scrolls of amnesia
 s - 4 scrolls of blinking {unknown}
 w - 3 scrolls of remove curse
 y - 4 scrolls of magic mapping {unknown}
 D - 5 scrolls of teleportation {unknown}
 H - 3 scrolls of fear
Potions
 u - a potion of mutation
 v - 2 potions of flight
 C - a potion of cancellation
 E - 3 potions of heal wounds {unknown}
 I - a potion of brilliance
 K - a potion of haste {unknown}
 O - 4 potions of curing
 S - a potion of might {unknown}
 V - a potion of resistance {unknown}
Books
 a - a book of the Sky

   Spells                             Type                      Level
   a - Summon Lightning Spire         Summoning/Air                4
   b - Silence                        Hexes/Air                    5
   c - Deflect Missiles               Charms/Air                   6
   d - Conjure Ball Lightning         Conjuration/Air              6
   e - Tornado                        Air                          9
 b - a book of Air

   Spells                             Type                      Level
   a - Shock                          Conjuration/Air              1
   b - Swiftness                      Charms/Air                   2
   c - Static Discharge               Conjuration/Air              3
   d - Airstrike                      Air                          4
   e - Lightning Bolt                 Conjuration/Air              5
 N - a manual of Dodging
 Y - Sif Muna's Disquisition on Transmutation
   (Sif Muna gifted it to you on level 2 of the Orcish Mines)

   Spells                             Type                      Level
   a - Passwall                       Transmutation/Earth          2
   b - Yara's Violent Unravelling     Hexes/Transmutation          5
   c - Statue Form                    Transmutation/Earth          6
   d - Hydra Form                     Transmutation                6
   e - Necromutation                  Transmutation/Necromancy     8
Comestibles
 c - 11 bread rations
 q - 3 fruits
 r - 3 royal jellies
 x - 7 meat rations
 T - 8 chunks of flesh


   Skills:
 + Level 4.3(3.1) Dodging
 - Level 2.1(1.0) Stealth
 + Level 9.4(8.1) Spellcasting
 - Level 0.7(0.0) Conjurations
 * Level 16.2(14.5) Air Magic
 - Level 12.0(10.5) Invocations


You had 8 spell levels left.
You knew the following spells:

 Your Spells              Type           Power        Failure   Level  Hunger
a - Shock                 Conj/Air       ####         1%          1    None
b - Airstrike             Air            ######....   1%          4    ###....
c - Static Discharge      Conj/Air       #####...     2%          3    #......
d - Lightning Bolt        Conj/Air       #####.....   21%         5    #####..
e - Tornado               Air            ######....   100%        9    #######
f - Apportation           Tloc           #.....       14%         1    None


Dungeon Overview and Level Annotations

Branches:
Dungeon (15/15)            Temple (1/1) D:7            Lair (0/6) D:10
    Orc (2/2) D:10            Elf (0/3) Orc:2        Vaults (0/5) D:13
 Depths: D:15

Altars:
Ashenzari
Fedhas
Hepliaklqana
Kikubaaqudgha
Nemelex Xobeh
Qazlal
Ru
Sif Muna
Trog
Vehumet
Xom
Beogh

Shops:
D:6 ?   D:13 }

Annotations:
D:5 tof's ghost, amateur MiMo
D:10 exclusion: orange crystal statue
D:13 Rupert


Innate Abilities, Weirdness & Mutations

You are small and have problems with some larger weapons.
You are somewhat resistant to further mutation.


Message History

The orc sorcerer is severely wounded.
The bolt of lightning hits the orc sorcerer.
The orc sorcerer is severely wounded.
You are feeling hungry.
You hear a shout!
The orc sorcerer gestures at you while chanting.
The bolt of negative energy hits you!
You feel drained.
* * * LOW HITPOINT WARNING * * *
An orc comes into view. It is wielding a mace.
Unknown command.
Casting: Lightning Bolt
Confirm with . or Enter, or press ? or * to list all spells.
Aiming: Lightning Bolt
Press: ? - help, Shift-Dir - straight line, f/p - orc sorcerer
Aim: an orc sorcerer, wielding a dagger and wearing an embroidered robe (severely wounded)
You feel a surge of power!
You miscast Lightning Bolt.
Sif Muna protects you from the effects of your miscast!
The orc sorcerer casts a spell at you. The bolt of fire hits you!
You die...

#≈≈####......... §. ##≈§
##.......... §§.
#≈≈≈##........... §§..
###§##§§##..##.....
§...####§≈§##≈.##..##.....
≈§...≈§§§§§≈§.§...........
≈....)§.§.§.§.............
≈..8....§..§..)...........
≈...{.oo)@.....)..........
≈....≈§§≈≈≈≈≈..)..........
≈..o####§§§##≈.##..##.....
≈.. ###≈##≈.##..##..... ≈.
#≈§≈##........... ≈
##≈≈###.........# #§≈#
###.....##. #≈≈# ##...##..
#....#...


You could see 2 orc sorcerers and an orc.

Vanquished Creatures
  The ghost of ilikecats the Fighter, a journeyman GnWn of Okawaru (D:12)
  7 vault guards (D:13)
  4 hydras
  A catoblepas (D:14)
  An ogre mage (Orc:2)
  2 centaur warriors
  Erica (D:11)
  4 two-headed ogres
  An unseen horror (D:10)
  A wizard (D:12)
  Pikel (D:7)
  A wolf spider zombie (D:14)
  An orc knight (D:12)
  3 deep elf magi (D:14)
  3 ugly things
  3 orc sorcerers
  A cyclops (D:14)
  A centaur zombie (D:15)
  2 komodo dragons (shapeshifter) (D:15)
  A gargoyle (D:10)
  2 hornets
  9 trolls
  5 hippogriffs
  Sigmund (D:3)
  2 vampires (D:12)
  A wyvern (D:12)
  A wraith (D:9)
  9 yaks
  A hungry ghost (D:7)
  A steam dragon (D:7)
  A soldier ant (D:11)
  3 acid dragons
  A water moccasin (D:10)
  A sky beast (D:12)
  18 orc warriors
  3 boggarts (D:15)
  2 eyes of draining
  2 ice beasts
  14 ogres
  10 centaurs
  8 bullfrogs
  2 big kobolds
  A water moccasin zombie (D:9)
  A wyvern skeleton (D:14)
  4 scorpions
  A vampire bat (D:3)
  9 wights
  6 crimson imps
  A quasit (D:8)
  3 jellies
  3 bullfrog skeletons
  6 hounds
  22 orc wizards
  14 orc priests
  4 centaur skeletons
  3 iguanas
  8 worker ants
  A hound skeleton (D:7)
  A worker ant zombie (D:10)
  Robin (D:3)
  4 gnolls (D:4)
  6 adders
  3 shadow imps
  2 oozes
  A worm (D:8)
  3 dart slugs
  3 fire bats (D:3)
  3 leopard geckos
  79 orcs
  A spectral bat (D:3)
  3 bat skeletons (D:3)
  A bat zombie (D:3)
  7 giant cockroaches
  12 hobgoblins
  8 jackals
  24 kobolds
  5 quokkas
  2 ball pythons
  15 bats
  A bat simulacrum (D:3)
  4 frilled lizards
  19 goblins
  A jackal zombie (D:8)
  8 rats
441 creatures vanquished.

Vanquished Creatures (others)
  An orc warrior (D:12)
  An orc (D:12)
  A spectral bat (D:3)
  A jackal (D:8)
  3 withered plants (D:3)
7 creatures vanquished.

Grand Total: 448 creatures vanquished

Notes
Turn   | Place    | Note
-------+----------+-------------------------------------------
     0 | D:1      | 4thArraOfDagon the Halfling Air Elementalist began the quest for the Orb.
     0 | D:1      | Reached XP level 1. HP: 11/11 MP: 3/3
    74 | D:2      | Reached XP level 2. HP: 15/17 MP: 0/4
   331 | D:5      | Entered Level 5 of the Dungeon
   351 | D:5      | Noticed a crimson imp
   355 | D:5      | Noticed tof's ghost (amateur MiMo)
   374 | D:5      | Noticed an ogre
   377 | D:5      | Killed an ogre
   377 | D:5      | Reached skill level 4 in Air Magic
   377 | D:5      | Reached XP level 3. HP: 21/21 MP: 3/6
   377 | D:5      | Reached XP level 4. HP: 27/27 MP: 3/7
   377 | D:5      | Reached XP level 5. HP: 31/31 MP: 3/8
   383 | D:5      | Learned a level 4 spell: Airstrike
   387 | D:5      | Learned a level 3 spell: Static Discharge
   780 | D:7      | Reached skill level 5 in Air Magic
   893 | D:7      | Found a staircase to the Ecumenical Temple.
   902 | Temple   | Entered the Ecumenical Temple
   935 | Temple   | Became a worshipper of Sif Muna the Loreminder
  1101 | D:7      | Noticed a bullfrog
  1103 | D:7      | Noticed a centaur
  1108 | D:6      | Killed a bullfrog
  1108 | D:6      | Reached skill level 1 in Invocations
  1108 | D:6      | Reached XP level 6. HP: 17/36 MP: 1/10
  1546 | D:3      | Found an ancient bone altar of Kikubaaqudgha.
  1577 | D:3      | Reached XP level 7. HP: 31/41 MP: 4/11
  1606 | D:3      | Reached skill level 6 in Air Magic
  1627 | D:3      | Noticed Robin
  1628 | D:3      | Reached * piety under Sif Muna
  1638 | D:3      | Killed Robin
  1767 | D:3      | Noticed Sigmund
  1775 | D:3      | Killed Sigmund
  2048 | D:1      | Reached XP level 8. HP: 45/46 MP: 1/13
  2206 | D:1      | Learned a level 5 spell: Lightning Bolt
  2352 | D:2      | Reached ** piety under Sif Muna
  2495 | D:3      | Reached skill level 7 in Air Magic
  3031 | D:6      | Found Optoppic's Magic Scroll Emporium.
  3054 | D:6      | Bought a scroll of identify for 24 gold pieces
  3054 | D:6      | Bought a scroll of identify for 24 gold pieces
  3141 | D:7      | Reached skill level 8 in Air Magic
  3191 | D:7      | Reached *** piety under Sif Muna
  3191 | D:7      | Reached XP level 9. HP: 41/51 MP: 0/15
  3280 | D:7      | Noticed a hippogriff
  3344 | D:7      | Killed a hippogriff
  3344 | D:7      | Reached skill level 5 in Invocations
  3563 | D:7      | Reached skill level 9 in Air Magic
  3926 | D:8      | Noticed Pikel
  3985 | D:7      | Killed Pikel
  3985 | D:7      | Reached **** piety under Sif Muna
  3985 | D:7      | Reached skill level 5 in Spellcasting
  4092 | D:8      | Reached XP level 10. HP: 38/56 MP: 11/17
  4096 | D:8      | Reached skill level 10 in Air Magic
  4699 | D:9      | Noticed a two-headed ogre
  4712 | D:9      | Killed a two-headed ogre
  4924 | D:9      | Reached skill level 11 in Air Magic
  5305 | D:9      | Reached XP level 11. HP: 38/61 MP: 12/20
  5599 | D:10     | Entered Level 10 of the Dungeon
  5715 | D:10     | Reached ***** piety under Sif Muna
  5715 | D:10     | Received a gift from Sif Muna
  5715 | D:10     | Reached skill level 12 in Air Magic
  5730 | D:10     | Learned a level 9 spell: Tornado
  5736 | D:10     | Noticed an orange crystal statue
  5933 | D:10     | Noticed a two-headed ogre
  5941 | D:10     | Killed a two-headed ogre
  5979 | D:10     | Found a staircase to the Lair.
  6024 | D:10     | Killed an unseen horror
  6088 | D:10     | Learned a level 1 spell: Apportation
  6261 | D:10     | Found a staircase to the Orcish Mines.
  6278 | D:10     | Found a roughly hewn altar of Beogh.
  6540 | D:11     | Noticed Erica
  6573 | D:11     | Killed Erica
  6721 | D:11     | Reached skill level 13 in Air Magic
  6723 | D:11     | Noticed a brown ugly thing
  6781 | D:11     | Killed a brown ugly thing
  6781 | D:11     | Reached XP level 12. HP: 55/66 MP: 14/22
  6964 | D:12     | Noticed a wizard
  7023 | D:12     | Noticed a two-headed ogre
  7042 | D:12     | Killed a two-headed ogre
  7061 | D:12     | Killed a wizard
  7084 | D:12     | Reached skill level 10 in Invocations
  7132 | D:12     | Noticed a five-headed hydra
  7331 | D:12     | Noticed ilikecats's ghost (journeyman GnWn)
  7352 | D:12     | Killed ilikecats's ghost
  7374 | D:12     | Killed a five-headed hydra
  7374 | D:12     | Reached skill level 14 in Air Magic
  7913 | D:13     | Noticed a vault guard
  7914 | D:13     | Noticed a vault guard
  7915 | D:13     | Noticed a vault guard
  7929 | D:13     | Killed a vault guard
  7930 | D:13     | Killed a vault guard
  7930 | D:13     | Reached XP level 13. HP: 18/71 MP: 14/25
  7931 | D:13     | Killed a vault guard
  8023 | D:13     | Noticed a vault guard
  8034 | D:13     | Killed a vault guard
  8049 | D:13     | Found a gate to the Vaults.
  8120 | D:13     | Noticed a vault guard
  8160 | D:13     | Killed a vault guard
  8188 | D:13     | Found Ticw's Gadget Shop.
  8191 | D:13     | Noticed a vault guard
  8216 | D:13     | Noticed a vault guard
  8245 | D:14     | Noticed a catoblepas
  8264 | D:13     | Killed a vault guard
  8301 | D:13     | Killed a vault guard
  8337 | D:13     | Noticed Rupert
  8526 | D:14     | Noticed a four-headed hydra
  8585 | D:14     | Noticed a four-headed hydra
  8592 | D:14     | Killed a four-headed hydra
  8592 | D:14     | Reached skill level 15 in Air Magic
  8816 | D:14     | Found a gateway to a bazaar.
  8945 | D:14     | Killed a catoblepas
  8953 | D:14     | Noticed a centaur warrior
  8967 | D:14     | Killed a centaur warrior
  8985 | Bazaar   | Entered a bazaar
  8985 | Bazaar   | Found Yxacri's Book Shoppe.
  8985 | Bazaar   | Found Tacvaimi's Antique Armour Emporium.
  8990 | Bazaar   | Found Doppuo Zoxo's Antique Weapon Emporium.
  9003 | Bazaar   | Found Vonyuthi's Armour Shoppe.
  9021 | Bazaar   | Bought a dazzling leather armour for 231 gold pieces
  9025 | Bazaar   | Bought a warped mace for 176 gold pieces
  9027 | Bazaar   | Identified the +10 mace of Obsession {flame, rElec rPois rN+ Dex+2} (You bought it in a shop in a bazaar)
  9038 | Bazaar   | Identified the +3 leather armour of the Evil One {rC+ rCorr Int+4 Slay-3} (You bought it in a shop in a bazaar)
  9098 | D:14     | Killed a four-headed hydra
  9213 | D:15     | Entered Level 15 of the Dungeon
  9213 | D:15     | Noticed a centaur warrior
  9217 | D:15     | Killed a centaur warrior
  9233 | D:15     | Noticed a five-headed hydra
  9246 | D:15     | Killed a five-headed hydra
  9295 | D:15     | Found a shattered altar of Ashenzari.
  9428 | D:15     | Found a sacrificial altar of Ru.
  9695 | Orc:1    | Entered Level 1 of the Orcish Mines
  9698 | Orc:1    | Reached XP level 14. HP: 55/76 MP: 14/27
  9857 | Orc:2    | Entered Level 2 of the Orcish Mines
  9870 | Orc:2    | Identified Sif Muna's Disquisition on Transmutation (Sif Muna gifted it to you on level 2 of the Orcish Mines)
  9870 | Orc:2    | Received a gift from Sif Muna
  9948 | Orc:1    | Found a bloodstained altar of Trog.
 10053 | Orc:2    | Reached skill level 16 in Air Magic
 10246 | Orc:2    | Found a staircase to the Elven Halls.
 10459 | Orc:2    | Killed from afar by an orc sorcerer

Vault maps used:
D:1:      minmay_arrival_floating_metal, feat_on_display
D:2:      first_bread
D:3:      kiku_gazebo_garden_becter, goddamned_bats, uniq_sigmund, uniq_robin
D:5:      hex_intersection
D:6:      serial_shops, nicolae_shop_trees
D:7:      minmay_temple_entry_trees
D:8:      serial_shops, shop, grunt_ogre_cave, uniq_pikel
D:9:      minivault_11
D:10:     lair_entry_dummy, minmay_orc_entry_temple_small,
          minmay_protected_statue
D:11:     uniq_erica
D:12:     special_room
D:13:     erik_vaults_2, serial_shops, shop, uniq_rupert
D:14:     serial_shops, bzr_entry_lakeside, minmay_misc_feat_encased
D:15:     gammafunk_enter_depths_forms, evilmike_ruin_ashenzari,
          nicolae_ru_awakened_eye
Temple:   minmay_crystal_snake_temple
Orc:1:    trog_hazing_becter
Orc:2:    kennysheep_orc_mage_school
Bazaar:   bazaar_minmay_row

Skill      XL: |  1  2  3  4  5  6  7  8  9 10 11 12 13 14 |
---------------+-------------------------------------------+-----
Spellcasting   | 2 3 4 5 6 7 8 9 |  9.4
Air Magic      | 4 5 6 8 9 11 13 14 15 16 | 16.2
Invocations    | 1 3 4 6 8 9 10 12 | 12.0
Dodging        | 4 |  4.3
Stealth        | |  2.1
Conjurations   | |  0.7

Action                   |  1- 3 |  4- 6 |  7- 9 | 10-12 | 13-15 || total
-------------------------+-------+-------+-------+-------+-------++-------
Melee: Unarmed           |     5 |       |       |       |       ||     5
       Short sword       |     3 |    23 |       |       |       ||    26
       Staff             |       |    22 |   100 |     5 |     6 ||   133
       Mace              |       |       |       |       |     5 ||     5
       Broad axe         |       |       |       |       |     1 ||     1
Throw: Throwing net      |       |       |       |     1 |       ||     1
 Cast: Shock             |    18 |    44 |   126 |   188 |   125 ||   501
       Airstrike         |       |     3 |    60 |   191 |    74 ||   328
       Static Discharge  |       |       |     4 |    23 |    13 ||    40
       Lightning Bolt    |       |       |       |    32 |    58 ||    90
       Apportation       |       |       |       |    16 |       ||    16
Invok: Divine Energy     |       |       |     1 |       |       ||     1
       Channel Magic     |       |       |     2 |    32 |    15 ||    49
Evoke: Wand              |     1 |     1 |       |    15 |     2 ||    19
  Use: Scroll            |     1 |     5 |     6 |     5 |     5 ||    22
       Potion            |       |       |     2 |     1 |       ||     3
  Eat: Chunk             |       |     4 |    17 |    52 |    36 ||   109
       Fruit             |       |       |     5 |     1 |       ||     6
       Royal jelly       |       |       |       |     3 |       ||     3
       Bread ration      |       |       |       |     1 |       ||     1
Armor: Robe              |     2 |    12 |    48 |    18 |       ||    80
       Skin              |       |       |     8 |       |       ||     8
       Troll leather arm |       |       |       |    24 |    20 ||    44
Dodge: Dodged            |     9 |    88 |   220 |   189 |   110 ||   616

Table legend:
 A = Spawn XP
 B = Non-spawn XP
 C = Spawn XP percentage of total XP
 D = Spawn monster count
 E = Non-spawn monster count
 F = Spawn count percentage of total count
 G = Total turns spent on level
                    A         B        C        D         E        F      G
               +---------+---------+-------+---------+---------+-------+---------
         Total |       0 |   51556 |   0.0 |       0 |     444 |   0.0 | 10459
               +---------+---------+-------+---------+---------+-------+---------
           D:1 |       0 |      57 |   0.0 |       0 |      30 |   0.0 |   322
           D:2 |       0 |      27 |   0.0 |       0 |      12 |   0.0 |   326
           D:3 |       0 |     744 |   0.0 |       0 |      63 |   0.0 |   734
           D:4 |       0 |     314 |   0.0 |       0 |      25 |   0.0 |   540
           D:5 |       0 |     182 |   0.0 |       0 |      11 |   0.0 |   429
           D:6 |       0 |     111 |   0.0 |       0 |       3 |   0.0 |   599
           D:7 |       0 |    2283 |   0.0 |       0 |      29 |   0.0 |  1056
           D:8 |       0 |     968 |   0.0 |       0 |      26 |   0.0 |   621
           D:9 |       0 |    4112 |   0.0 |       0 |      38 |   0.0 |   940
          D:10 |       0 |    4026 |   0.0 |       0 |      30 |   0.0 |   781
          D:11 |       0 |    3804 |   0.0 |       0 |      21 |   0.0 |   711
          D:12 |       0 |    7940 |   0.0 |       0 |      47 |   0.0 |   741
          D:13 |       0 |    7728 |   0.0 |       0 |      17 |   0.0 |   726
          D:14 |       0 |    9352 |   0.0 |       0 |      28 |   0.0 |   668
          D:15 |       0 |    3868 |   0.0 |       0 |      10 |   0.0 |   363
         Orc:1 |       0 |    1687 |   0.0 |       0 |      30 |   0.0 |   386
         Orc:2 |       0 |    4353 |   0.0 |       0 |      24 |   0.0 |   378
               +---------+---------+-------+---------+---------+-------+---------
